 Dungeon Crawl Stone Soup version 0.24.0-125-gc4c63601f3 (webtiles) character file.

Game seed: 5731910954683900173, levelgen mode: deterministic

50 Frank2 the Cudgeler (level 3, -2/27 HPs)
             Began as a Demonspawn Gladiator on Mar 5, 2020.
             Slain by Natasha (8 damage)
             ... on level 2 of the Dungeon.
             The game lasted 00:01:00 (1044 turns).

Frank2 the Cudgeler (Demonspawn Gladiator)          Turns: 1044, Time: 00:01:01

Health: -2/27      AC:  6    Str: 14    XL:     3   Next: 55%
Magic:  3/3        EV: 13    Int:  9    God:
Gold:   21         SH:  0    Dex: 15    Spells: 2/2 levels left

rFire    . . .     SeeInvis .   a - +0 flail
rCold    . . .     Gourm    .   (no shield)
rNeg     . . .     Faith    .   b - +0 leather armour
rPois    .         Spirit   .   c - +0 helmet
rElec    .         Reflect  .   (no cloak)
rCorr    .         Harm     .   (no gloves)
MR       .....                  (no boots)
Stlth    +.........             (no amulet)
HPRegen  0.09/turn              (no ring)
MPRegen  0.08/turn              (no ring)

@: no status effects
A: iridescent scales 1, rot immunity
a: no special abilities


You were on level 2 of the Dungeon.
You were hungry.

You visited 1 branch of the dungeon, and saw 2 of its levels.

You collected 21 gold pieces.

Inventory:

Hand Weapons
 a - a +0 flail (weapon)
Missiles
 d - 3 throwing nets (quivered)
Armour
 b - a +0 leather armour (worn)
 c - a +0 helmet (worn)
Scrolls
 e - a scroll of identify {unknown}
 g - a scroll of remove curse {unknown}
 j - 3 scrolls of teleportation {unknown}
 k - a scroll of blinking {unknown}
Potions
 h - a potion of might {unknown}
 i - a potion of mutation {unknown}
Comestibles
 f - a ration


   Skills:
 + Level 2.3 Fighting
 + Level 3.4 Maces & Flails
 - Level 1.7 Throwing
 + Level 0.8 Armour
 + Level 3.2 Dodging


You had 2 spell levels left.
You didn't know any spells.
Your spell library was empty.

Dungeon Overview and Level Annotations

Branches:
Dungeon (2/15)

Altars:

Annotations:
D:2 Natasha


Innate Abilities, Weirdness & Mutations

You are partially covered in iridescent scales. (AC +2)
You are immune to rotting.


Message History

There are monsters nearby!
You closely miss Natasha.
Natasha is heavily wounded.
The dart slug closely misses you. Natasha claws you.
You hit Natasha.
Natasha is almost dead.
The dart slug launches a dart at you. The slug dart hits you.
* * * LOW HITPOINT WARNING * * *
Natasha barely misses you.
You barely miss Natasha.
Natasha is severely wounded.
Natasha barely misses you. The dart slug launches a dart at you.
The slug dart hits you.
* * * LOW HITPOINT WARNING * * *
You barely miss Natasha.
Natasha is severely wounded.
Natasha claws you!
You die...

..######...#
...........#
..######...#
##......# ...
##..####.# ##
....#........#...
..................
##...#............
.... #...w@.......
#..........h......
##..#.............
.. ##............
# #...%........
##........<..
##.....##...
####### ###


You could see Natasha and a dart slug.

Vanquished Creatures
  3 adders (D:2)
  A worm (D:2)
  4 bats
  A giant cockroach (D:1)
  2 goblins (D:1)
  A hobgoblin (D:1)
  3 jackals (D:2)
  A quokka (D:2)
  4 kobolds (D:1)
  2 rats (D:1)
22 creatures vanquished.

Notes
Turn   | Place    | Note
-------+----------+-------------------------------------------
     0 | D:1      | Frank2 the Demonspawn Gladiator began the quest for the
                  | Orb.
     0 | D:1      | Reached XP level 1. HP: 16/16 MP: 1/1
   235 | D:1      | Gained mutation: You are immune to rotting. [demonic
                  | ancestry]
   235 | D:1      | Reached XP level 2. HP: 20/22 MP: 2/2
   572 | D:1      | You fall into a shaft and drop 1 floor!
   599 | D:2      | Gained mutation: You are partially covered in iridescent
                  | scales. (AC +2) [demonic ancestry]
   599 | D:2      | Reached XP level 3. HP: 7/27 MP: 3/3
   608 | D:2      | HP: 1/27 [poisoned by an adder]
  1030 | D:2      | Noticed Natasha
  1044 | D:2      | Slain by Natasha

Levels and vault maps discovered:
D:1:      lemuel_arrival_muddy, layout_basic, minmay_misc_feat_pillars,
          st_stairs_1, minmay_unequal
D:2:      layout_rooms, nicolae_ru_the_path_less_chosen, first_ration,
          bh_walls_and_bars, uniq_terence, uniq_natasha

Skill      XL: |  1  2 |
---------------+-------+-----
Maces & Flails | 3 |  3.4
Dodging        | 3 |  3.2
Fighting       | |  2.3
Throwing       | |  1.7
Armour         | |  0.8

Action                   || total
-------------------------++-------
Melee: Flail             ||   104
Armor: Leather armour    ||    51
Dodge: Dodged            ||    88
